 Dungeon Crawl Stone Soup version 0.27.1-34-g3ba077fa99 (webtiles) character file.

Game seed: 10215919384247813052

744310 KamiKatze the Executioner (level 27, -4/192 HPs)
             Began as a Gargoyle Berserker on Jan 3, 2022.
             Was the Champion of the Shining One.
             Slain by a reaper (5 damage)
             ... created by the effects of Hell
             ... on level 1 of the Iron City of Dis on Jan 5, 2022.
             The game lasted 08:29:56 (88795 turns).

KamiKatze the Executioner (Gargoyle Berserker)     Turns: 88795, Time: 08:29:57

Health: -4/192     AC: 67    Str: 27 (37) XL:     27
Magic:  23/32      EV: 14    Int: 10      God:    the Shining One [******]
Gold:   6331       SH: 15    Dex: 15      Spells: 31/36 levels left

rFire    + + .     SeeInvis .   a - +9 executioner's axe (holy)
rCold    + . .     Faith    .   (shield currently unavailable)
rNeg     + + +     Spirit   .   M - +10 gold dragon scales
rPois    ∞         Reflect  .   (helmet restricted)
rElec    +         Harm     .   p - +2 cloak
rCorr    +         Rampage  .   D - +1 pair of gloves {Str+3}
Will     +++..                  P - +2 pair of boots {Stlth+}
Stlth    ..........             S - amulet of regeneration
HPRegen  1.42/turn              s - ring "Boddeq" {rCorr Dex+6}
MPRegen  0.23/turn              z - ring "Uchyal" {rF+ Will+}

@: divinely shielded, flying, glowing, studying Shields
A: sickness immunity, AC +20, big wings, negative energy resistance 1,
electricity resistance, torment resistance 1, petrification resistance, antennae
1, claws 1, large bone plates 1, clever 1, deterioration 1, MP-powered wands
}: 5/15 runes: serpentine, barnacled, slimy, silver, abyssal
a: Renounce Religion, Divine Shield, Cleansing Flame, Summon Divine Warrior


You were on level 1 of the Iron City of Dis.
You worshipped the Shining One.
The Shining One was exalted by your worship.
You visited 14 branches of the dungeon, and saw 60 of its levels.
You visited the Abyss 2 times.
You visited 1 bazaar.
You also visited: Gauntlet and Ice Cave.

You collected 10612 gold pieces.
You spent 4281 gold pieces at shops.

Inventory:

Hand Weapons
 a - a +9 executioner's axe of holy wrath (weapon)
 b - a +6 broad axe of electrocution
 n - a +0 vorpal executioner's axe
 w - a +4 broad axe of flaming
 Z - the +7 broad axe "Bemot" {antimagic, rPois rN+}
   (Trog gifted it to you on level 4 of the Snake Pit)

   It reduces the magical energy of the wielder, and disrupts the spells and
   magical abilities of those it strikes.
   Natural abilities and divine invocations are not affected.
   rPois:     It protects you from poison.
   rN:        It protects you from negative energy.
Missiles
 o - 12 throwing nets (quivered)
Armour
 p - a +2 cloak (worn)
 y - a scarf of repulsion
 D - a +1 pair of gloves of strength (worn)
 M - +10 gold dragon scales (worn)
 P - a +2 pair of boots of stealth (worn)
Jewellery
 s - the ring "Boddeq" (left hand) {rCorr Dex+6}
   (You found it on level 3 of the Crypt)

   [ring of dexterity]

   Dex:       It affects your dexterity (+6).
   rCorr:     It protects you from acid and corrosion.
 z - the ring "Uchyal" (right hand) {rF+ Will+}
   (You bought it in a shop on level 2 of the Vaults)

   [ring of willpower]

   rF:        It protects you from fire.
   Will:      It increases your willpower.
 F - a +6 ring of dexterity
 G - the ring of the Mage {Wiz Will++ Int+3}
   (You took it off a deep elf pyromancer on level 3 of the Elven Halls)

   [ring of wizardry]

   It improves your spell success rate.
   Int:       It affects your intelligence (+3).
   Will:      It greatly increases your willpower.
 S - an amulet of regeneration (around neck)
 V - the ring "Roihiudu" {rF+ rC+++ Will+ Dex-2 Stlth+}
   (You found it in a Gauntlet)

   [ring of protection from fire]

   Dex:       It affects your dexterity (-2).
   rF:        It protects you from fire.
   rC:        It renders you almost immune to cold.
   Will:      It increases your willpower.
   Stlth:     It makes you more stealthy.
 W - the ring of Sitima {rC+ Will+ SInv}
   (You found it in a Gauntlet)

   [ring of protection from cold]

   rC:        It protects you from cold.
   SInv:      It lets you see invisible.
   Will:      It increases your willpower.
Wands
 c - a wand of paralysis (5)
 l - a wand of iceblast (78)
 t - a wand of mindburst (57)
 v - a wand of acid (40)
 A - a wand of polymorph (49)
 I - a wand of flame (140)
 R - a wand of charming (12)
 Y - a wand of digging (14)
Scrolls
 d - 10 scrolls of magic mapping
 i - 7 scrolls of fog
 j - 8 scrolls of vulnerability
 k - 18 scrolls of teleportation
 m - 10 scrolls of fear
 q - 3 scrolls of silence
 r - 5 scrolls of enchant weapon
 E - a scroll of amnesia
 O - 6 scrolls of blinking
 T - 43 scrolls of identify
 X - 2 scrolls of holy word
Potions
 e - 7 potions of might
 f - 8 potions of lignification
 g - 10 potions of haste
 h - 7 potions of heal wounds
 u - 6 potions of cancellation
 B - 6 potions of attraction
 J - 4 potions of magic
 K - 18 potions of curing
 L - 10 potions of mutation
 N - 7 potions of resistance
 U - 11 potions of brilliance
Miscellaneous
 x - a phantom mirror
 H - a phial of floods
 Q - a lightning rod (4/4)


   Skills:
 + Level 24.4 Fighting
 - Level 26.5 Axes
 + Level 24.3 Armour
 - Level 17.1 Dodging
 - Level 19.5 Shields
 * Level 5.0 Spellcasting
 * Level 5.1 Translocations
 + Level 12.2 Invocations
 - Level 6.0 Evocations


You had 31 spell levels left.
You knew the following spells:

 Your Spells              Type           Power      Damage    Failure   Level
a - Manifold Assault      Tloc           12%        N/A       99%         5

Your spell library contained the following spells:

 Spells                   Type           Power      Damage    Failure   Level
 Apportation              Tloc           24%        N/A       22%         1
 Blink                    Tloc           N/A        N/A       32%         2
 Gell's Gravitas          Tloc           6%         N/A       54%         3
 Lesser Beckoning         Tloc           6%         N/A       54%         3
 Teleport Other           Tloc           12%        N/A       54%         3
 Animate Skeleton         Necr           4%         N/A       88%         1
 Beastly Appendage        Tmut           4%         N/A       88%         1
 Magic Dart               Conj           8%         1d3       88%         1
 Pain                     Necr           8%         1d4       88%         1
 Sandblast                Erth           4%         2d4       88%         1
 Sting                    Tmut/Pois      8%         1d3       88%         1
 Summon Small Mammal      Summ           8%         N/A       88%         1
 Portal Projectile        Hex/Tloc       14%        N/A       88%         3
 Passage of Golubria      Tloc           N/A        N/A       91%         4
 Call Imp                 Summ           2%         N/A       95%         2
 Corpse Rot               Necr/Air       N/A        N/A       95%         2
 Passwall                 Tmut/Erth      1%         N/A       95%         2
 Poisonous Vapours        Pois/Air       4%         N/A       95%         2
 Slow                     Hex            2%         N/A       95%         2
 Static Discharge         Conj/Air       2%         N/A       95%         2
 Wereblood                Tmut           2%         N/A       95%         2
 Call Canine Familiar     Summ           2%         N/A       99%         3
 Confusing Touch          Hex            2%         N/A       99%         3
 Conjure Flame            Conj/Fire      2%         6-21      99%         3
 Dazzling Flash           Conj/Hex       4%         N/A       99%         3
 Frozen Ramparts          Ice            4%         1d2       99%         3
 Ignite Poison            Fire/Tmut/Pois 2%         N/A       99%         3
 Mephitic Cloud           Conj/Pois/Air  2%         N/A       99%         3
 Ozocubu's Armour         Ice            2%         N/A       99%         3
 Stone Arrow              Conj/Erth      4%         3d7       99%         3
 Summon Guardian Golem    Hex/Summ       2%         N/A       99%         3
 Swiftness                Air            2%         N/A       99%         3
 Vampiric Draining        Necr           1%         2d6       99%         3
 Animate Armour           Summ/Erth      4%         N/A       100%        4
 Animate Dead             Necr           1%         N/A       100%        4
 Cause Fear               Hex            1%         N/A       100%        4
 Dispel Undead            Necr           2%         3d7       100%        4
 Hailstorm                Conj/Ice       2%         3d3       100%        4
 Ice Form                 Ice/Tmut       2%         N/A       100%        4
 Leda's Liquefaction      Hex/Erth       1%         N/A       100%        4
 Olgreb's Toxic Radiance  Pois           2%         N/A       100%        4
 Petrify                  Tmut/Erth      2%         N/A       100%        4
 Sticky Flame             Conj/Fire      2%         2d3       100%        4
 Summon Ice Beast         Ice/Summ       2%         N/A       100%        4
 Summon Lightning Spire   Summ/Air       2%         N/A       100%        4
 Agony                    Necr           2%         N/A       100%        5
 Alistair's Intoxication  Tmut/Pois      1%         N/A       100%        5
 Blade Hands              Tmut           1%         N/A       100%        5
 Bolt of Magma            Conj/Fire/Erth 1%         4d4       100%        5
 Fireball                 Conj/Fire      1%         3d3       100%        5
 Irradiate                Conj/Tmut      1%         3d14      100%        5
 Iskenderun's Battlesphe  Conj           2%         2d6       100%        5
 Lightning Bolt           Conj/Air       1%         1d12      100%        5
 Metabolic Englaciation   Hex/Ice        1%         N/A       100%        5
 Silence                  Hex/Air        1%         N/A       100%        5
 Summon Forest            Summ/Tloc      3%         N/A       100%        5
 Yara's Violent Unravell  Hex/Tmut       1%         3d3       100%        5
 Conjure Ball Lightning   Conj/Air       1%         3x3d6     100%        6
 Death Channel            Necr           1%         N/A       100%        6
 Dispersal                Tloc           6%         N/A       100%        6
 Invisibility             Hex            1%         N/A       100%        6
 Iron Shot                Conj/Erth      1%         9d1       100%        6
 Simulacrum               Ice/Necr       1%         N/A       100%        6
 Starburst                Conj/Fire      1%         6d3       100%        6
 Dragon Form              Tmut           1%         N/A       100%        7
 Haunt                    Necr/Summ      1%         N/A       100%        7
 Malign Gateway           Summ/Tloc      3%         N/A       100%        7
 Orb of Destruction       Conj           1%         N/A       100%        7
 Ozocubu's Refrigeration  Ice            1%         4d5       100%        7
 Spellforged Servitor     Conj/Summ      1%         N/A       100%        7
 Storm Form               Tmut/Air       1%         N/A       100%        7
 Summon Hydra             Summ           1%         N/A       100%        7
 Borgnjor's Revivificati  Necr           1%         N/A       100%        8
 Discord                  Hex            1%         N/A       100%        8
 Disjunction              Tloc           6%         N/A       100%        8
 Ignition                 Fire           1%         3d3       100%        8
 Infestation              Necr           1%         N/A       100%        8
 Lehudib's Crystal Spear  Conj/Erth      1%         10d2      100%        8
 Maxwell's Capacitive Co  Air            1%         ∞         100%        8
 Necromutation            Tmut/Necr      1%         N/A       100%        8
 Summon Horrible Things   Summ           1%         N/A       100%        8
 Chain Lightning          Conj/Air       1%         3d1       100%        9
 Death's Door             Necr           1%         N/A       100%        9
 Dragon's Call            Summ           1%         N/A       100%        9
 Fire Storm               Conj/Fire      1%         7d1       100%        9
 Shatter                  Erth           1%         3d5*      100%        9
 Sublimation of Blood     Necr           Unusable   N/A       N/A         2
 Statue Form              Tmut/Erth      Unusable   N/A       N/A         6

Dungeon Overview and Level Annotations

Branches:
Dungeon (15/15)            Temple (1/1) D:6            Lair (6/6) D:10
 Shoals (4/4) Lair:4        Snake (4/4) Lair:3        Slime (5/5) Lair:5
    Orc (2/2) D:9             Elf (3/3) Orc:2        Vaults (5/5) D:13
  Crypt (3/3) Vaults:3       Tomb (0/3) Crypt:3      Depths (5/5) D:15
   Hell (visited)             Dis (1/7) Hell            Geh (0/7) Hell
    Coc (0/7) Hell            Tar (0/7) Hell            Zot (5/5) Depths:5
  IceCv (visited)         Gauntlet (visited)

Altars:
Ashenzari
Cheibriados
Dithmenos
Elyvilon
Fedhas
Gozag
Hepliaklqana
Kikubaaqudgha
Makhleb
Nemelex Xobeh
Okawaru
Qazlal
Ru
Sif Muna
Trog
Uskayaw
Vehumet
Wu Jian
Xom
Yredelemnul
Zin
The Shining One
Beogh
Jiyva
Lugonu

Shops:
D:9 ([   D:12 [   Orc:2 !((?=   Elf:3 [   Shoals:2 *   Snake:1 :(:[   Snake:2 *
Vaults:1 [   Vaults:2 *==((   Depths:1 (*!*?(   Depths:4 [

Portals:
Hell: Depths:1 Depths:2 Depths:3 Depths:4 Depths:5
Abyss: Shoals:1 Depths:4
Pandemonium: Depths:3
Ziggurat: Depths:4
Trove: Vaults:2 (give 15 scrolls of teleportation)

Annotations:
Shoals:1 1 runed translucent door, exclusion: door
Elf:2 3 runed translucent doors, exclusion: 3 doors
Depths:1 2 transporters, exclusion: 2 orange crystal statues, Xachuts's ghost, adept DgCj; Xud Owk's ghost, veteran FoFi
Depths:2 exclusions: downstairs and upstairs, the Enchantress
Depths:3 1 runed translucent door, exclusion: door, Ommil's ghost, adept DgCj
Zot:1 3 runed translucent doors, exclusion: 3 doors, Dyomnauma's ghost, legendary GnFE
Zot:5 1 exclusion


Innate Abilities, Weirdness & Mutations

You are immune to sickness and miasma.
Your stone body is resilient. (AC +20)
You are immune to poison.
Your large and strong wings let you fly.
You resist negative energy. (rN+)
You are resistant to electric shocks. (rElec)
You are resistant to unholy torment.
You are immune to petrification.
You have a pair of small antennae on your head.
You have sharp fingernails.
You are partially covered in large bone plates. (SH +4)
Your mind is acute. (Int +2)
Your body sometimes deteriorates upon taking damage.
You expend magic power (3 MP) to strengthen your wands.


Message History

You hit the iron troll but do no damage.
The iron troll is almost dead.
You hit the cyclops but do no damage.
A skeletal warrior comes into view. It is wielding a +0 hand axe.
The cyclops hits you!
* * * LOW HITPOINT WARNING * * *
You block the skeletal warrior's attack.
You block the iron troll's attack.
The iron troll claws you but does no damage. x2
Unknown command.
You feel much better.
The cyclops is no longer berserk.
The reaper hits you from afar with a +1 scythe of freezing!
* * * LOW HITPOINT WARNING * * *
The reaper freezes you.
* * * LOW HITPOINT WARNING * * *
You block the cyclops's attack.
The skeletal warrior closely misses you.
A reaper comes into view. It is wielding a +0 scythe of flaming.
Unknown command.
The golden flame engulfs you but does no damage.
The golden flame engulfs the cyclops.
The cyclops is lightly wounded.
The golden flame engulfs the iron troll!
The iron troll is almost dead.
The golden flame engulfs the reaper!!
The reaper writhes in agony!
The reaper is heavily wounded.
The golden flame engulfs the iron imp!!!
The iron imp writhes in agony!
You kill the iron imp!
The Shining One accepts your kill.
You feel better.
The golden flame engulfs the troll!!!
The troll is severely wounded.
The golden flame engulfs the skeletal warrior!!!
The skeletal warrior writhes in agony!
The skeletal warrior is severely damaged.
You hear a bark! x3; You hear a roar!
The reaper hits you from afar with a +1 scythe of freezing!!
* * * LOW HITPOINT WARNING * * *
The reaper freezes you.
You die...

+.......# #5......#
{#..2....# .
#.####+#######
#2##.##....##...#
#.z)†.M.........#
#....W2.z.......#
#....ZTCT..##...#
########@..##...######
#...##.∩......#
#.............#
#.............#
#.............#
##+###........#
#........# ######+###


You could see an iron troll (slow), 2 reapers, 2 skeletal warriors, a cyclops
(slow), a troll (berserk), a shadow, a mummy and a stone giant zombie.

Vanquished Creatures
  2 dread liches (Crypt:3)
  Khufu (Crypt:1)
  2 ancient liches
  Mennas (Crypt:3)
  Mara (Crypt:2)
  A juggernaut (Depths:2)
  Sojobo (Vaults:5)
  3 royal mummies (Crypt:1)
  Bai Suzhen (Snake:2)
  Frederick (Crypt:3)
  Saint Roka (Crypt:1)
  2 curse toes
  Xtahua (Crypt:1)
  9 golden dragons
  Geryon (Hell)
  2 bone dragons
  An electric golem (Zot:1)
  The ghost of theMacoje the Slayer, an adept OgAM of Hepliaklqana (Vaults:3)
  Jorgrun (Orc:2)
  10 tentacled monstrosities
  6 liches
  Rupert (Lair:4)
  Asterion (Depths:3)
  5 Orb Guardians
  9 titans
  7 quicksilver dragons
  2 deep elf master archers (Elf:3)
  16 acid blobs
  2 krakens
  2 deep elf blademasters (Elf:3)
  4 death cobs
  4 ancient champions
  4 tentacled starspawn
  15 storm dragons
  10 sphinxes
  Kirke (Lair:3)
  4 revenants
  The ghost of flestrin the Unseen, an adept SpEn of Kikubaaqudgha (Shoals:4)
  Donald (Vaults:1)
  14 tengu reavers
  The ghost of ciphuk the Brawler, a journeyman TrMo of Ru (Shoals:2)
  The ghost of hitsuchi the Severer, an adept PaAK of Lugonu (Snake:1)
  10 rockslimes
  14 shadow dragons
  Roxanne (Snake:3)
  18 fire giants
  13 nagarajas
  4 deep elf sorcerers
  9 azure jellies
  2 ghost moths (Zot:4)
  3 draconian scorchers
  2 draconian monks
  15 vault wardens
  Louise (Shoals:1)
  5 draconian knights
  5 iron dragons
  Aizul (Lair:3)
  3 ghouls
  22 frost giants
  4 draconian annihilators
  7 deep elf elementalists
  3 curse skulls
  10 reapers
  2 draconian shifters
  A juggernaut zombie (Depths:4)
  2 spriggan defenders
  14 ironbound preservers
  37 stone giants
  10 war gargoyles
  A juggernaut skeleton (Depths:4)
  24 very ugly things
  4 deep elf demonologists
  7 quicksilver oozes
  11 vampire knights
  12 green draconians
  8 red draconians
  Azrael (D:13)
  7 yellow draconians
  5 dire elephants
  3 entropy weavers
  6 black draconians
  8 deep elf annihilators
  6 purple draconians
  A bunyip (shapeshifter) (Vaults:5)
  13 white draconians
  2 spark wasps (Depths:2)
  A minotaur (Gauntlet)
  4 blizzard demons
  7 merfolk javelineers
  3 eidola
  15 ettins
  17 fire dragons
  7 deep elf death magi
  7 jiangshi
  8 merfolk impalers
  11 great orbs of eyes
  13 yaktaur captains
  Harold (D:8)
  5 deep elf high priests
  A kraken zombie (Hell)
  6 ironbound thunderhulks
  4 salamander tyrants
  2 quicksilver dragon skeletons
  A rakshasa (Depths:4)
  15 ice dragons
  Erolcha (Orc:2)
  37 vault guards
  A peacekeeper (Vaults:2)
  6 boulder beetles
  4 spriggan air magi
  The ghost of Nilyhal the Destroyer, a journeyman DrCj of Vehumet (Lair:1)
  2 merfolk avatars
  16 hydras
  4 hell beasts
  6 ironbound frosthearts
  3 caustic shrike simulacra (IceCv)
  13 naga warriors
  3 ogre magi
  3 catoblepae
  4 alligator snapping turtles
  10 anacondas
  6 merfolk aquamancers
  2 vampire magi
  Erica (D:11)
  12 centaur warriors
  A death knight (Crypt:1)
  A death yak (shapeshifter) (Vaults:5)
  A satyr (shapeshifter) (Vaults:5)
  2 satyrs
  15 two-headed ogres
  3 deep troll shamans
  An orc high priest (Orc:1)
  11 deep troll earth magi
  7 hell hogs
  10 tengu warriors
  A titan zombie (Crypt:3)
  6 death yaks
  A thrashing horror (Abyss:3)
  88 slime creatures
  6 ironbound beastmasters
  A hell knight (Depths:5)
  17 naga sharpshooters
  Urug (Orc:2)
  11 deep elf knights
  10 dancing weapons
  8 spriggan berserkers
  3 wretched stars (Abyss:3)
  8 soul eaters
  12 sun demons
  11 shock serpents
  Nergalle (Orc:2)
  Sonja (Lair:2)
  4 salamander mystics
  2 shadow wraiths (Hell)
  A fire crab (shapeshifter) (Vaults:5)
  18 iron trolls
  A spark wasp zombie (Depths:2)
  An anaconda zombie (Hell)
  35 skeletal warriors
  5 naga ritualists
  2 spectral hydras (Lair:1)
  An orange crystal statue (Depths:2)
  19 sea snakes
  2 bog bodies (IceCv)
  A flayed ghost (Dis:1)
  8 wizards
  44 deep trolls
  8 glowing orange brains
  A shadow dragon zombie (Dis:1)
  A swamp dragon (shapeshifter) (D:14)
  29 deep elf pyromancers
  An obsidian statue (IceCv)
  3 orc knights
  15 deep elf archers
  An anaconda skeleton (Hell)
  A golden dragon skeleton (Crypt:3)
  8 lindwurms
  23 harpies
  25 ironbound convokers
  28 phantasmal warriors
  21 deep elf zephyrmancers
  A wolf spider zombie (Crypt:3)
  10 necromancers
  9 mana vipers
  35 ugly things
  5 shining eyes
  16 salamanders
  A wolf spider (Vaults:5)
  18 fauns
  A frost giant zombie (Depths:4)
  13 orc sorcerers
  A shadow dragon skeleton (Depths:2)
  12 cyclopes
  3 oklob plants
  2 frost giant skeletons
  A stone giant skeleton (Depths:2)
  23 manticores
  A salamander (shapeshifter) (Abyss:3)
  A centaur zombie (D:10)
  9 merfolk sirens
  8 large abominations
  A dire elephant zombie (Crypt:2)
  10 fire giant skeletons (Crypt:3)
  22 moths of wrath
  42 black mambas
  9 rust devils
  3 eyes of devastation
  11 naga magi
  27 elephants
  10 smoke demons
  7 water nymphs
  12 guardian serpents
  6 molten gargoyles
  13 vault sentinels
  Maggie (Lair:2)
  3 torpor snails
  16 cane toads
  A shock serpent skeleton (Crypt:3)
  5 gargoyles
  Psyche (D:8)
  A dire elephant skeleton (Crypt:3)
  4 apocalypse crabs
  A komodo dragon (shapeshifter) (Elf:2)
  2 demonic crawlers
  2 unseen horrors
  4 rime drakes (Lair:6)
  10 komodo dragons
  24 yaktaurs
  A red draconian zombie (Crypt:2)
  A tormentor (Dis:1)
  3 ice devils
  3 efreet
  2 entropy weaver simulacra (IceCv)
  3 tengu conjurers
  3 anaconda simulacra
  21 freezing wraiths
  5 ancient zymes (Abyss:3)
  2 golden dragon simulacra (IceCv)
  2 guardian mummies (Crypt:3)
  2 hydra zombies (Hell)
  2 sea snake skeletons (Hell)
  A silent spectre (Abyss:3)
  10 polar bears
  A meliai (shapeshifter) (D:13)
  37 merfolk
  13 trolls
  13 wind drakes
  4 meliai
  A slime creature (shapeshifter) (Depths:3)
  Grinder (D:5)
  2 hydra skeletons
  4 hornets
  A spectral dream sheep (Lair:1)
  2 harpy skeletons (Crypt:3)
  17 raiju
  2 alligator zombies
  15 snapping turtles
  6 blink frogs (Lair:6)
  A blink frog (shapeshifter) (D:14)
  10 dream sheep
  A frost giant simulacrum (Depths:4)
  A fire dragon zombie (Crypt:1)
  A centaur simulacrum (D:15)
  A stone giant simulacrum (Hell)
  36 flying skulls
  A guardian serpent skeleton (Crypt:1)
  5 dire elephant simulacra (IceCv)
  5 spriggan simulacra
  5 shadows
  17 water elementals
  A spriggan skeleton (Depths:2)
  An air elemental (Elf:3)
  2 ynoxinuls
  A redback (Vaults:3)
  30 yaks
  14 spriggans
  An elf simulacrum (Depths:4)
  A redback (shapeshifter) (Vaults:2)
  2 alligator skeletons (Hell)
  4 fire bats (Depths:2)
  8 wraiths
  2 wyverns
  8 basilisks
  A vampire (D:11)
  A hog (Lair:4)
  8 fire dragon skeletons (Crypt:3)
  9 fire elementals
  4 vampire mosquitoes
  6 steam dragons
  A yak (shapeshifter) (Elf:2)
  A golden eye (shapeshifter) (D:14)
  A neqoxec (Abyss:3)
  A minotaur simulacrum (IceCv)
  6 wargs
  44 nagas
  A swamp worm (shapeshifter) (Depths:4)
  2 acid dragons
  A spectral cane toad (Lair:1)
  A floating eye (shapeshifter) (Elf:1)
  22 water moccasins
  An infernal demonspawn skeleton (Crypt:2)
  2 hydra simulacra
  12 hell hounds
  A deep troll skeleton (Crypt:1)
  3 floating eyes
  8 necrophages
  A spectral torpor snail (Lair:1)
  A cane toad skeleton (Crypt:3)
  2 sky beasts (D:7)
  24 orc warriors
  An ice beast (D:7)
  5 black bears
  A hornet zombie (D:9)
  2 swamp dragon zombies
  5 alligator simulacra
  2 ettin simulacra (IceCv)
  21 ogres
  A boggart (D:13)
  18 centaurs
  A manticore skeleton (Crypt:2)
  A snapping turtle skeleton (Crypt:3)
  17 wolves
  A rime drake zombie (Crypt:1)
  An ogre (shapeshifter) (Vaults:5)
  5 kobold brigands
  A lindwurm skeleton (Crypt:1)
  A phantom (D:5)
  2 scorpions
  21 bullfrogs
  A gnoll sergeant (D:7)
  A water moccasin zombie (D:6)
  2 deep troll simulacra
  A wyvern skeleton (D:7)
  3 earth elementals
  A spriggan zombie (Hell)
  A water moccasin skeleton (D:5)
  A manticore simulacrum (Hell)
  33 killer bees
  8 lindwurm simulacra
  A troll skeleton (Crypt:1)
  3 howler monkeys (D:10)
  6 electric eels
  A lava snake (Lair:4)
  A quasit (Abyss:3)
  2 bullfrog zombies
  A komodo dragon simulacrum (Lair:1)
  A jelly (shapeshifter) (Vaults:5)
  3 jellies
  19 orc priests
  A gnoll shaman (D:7)
  3 hounds
  3 small abominations
  2 centaur skeletons (D:5)
  3 iron imps
  4 iguanas
  32 orc wizards
  3 lightning spires (Abyss:3)
  7 hell rats
  A naga zombie (Crypt:3)
  A tengu skeleton (Crypt:3)
  A hound skeleton (D:4)
  2 howler monkey zombies
  6 mummies (Crypt:3)
  3 gnolls (D:7)
  11 adders
  A shadow imp (Abyss:3)
  3 ufetubi
  3 dart slugs
  71 orcs
  3 bats
  8 endoplasms
  5 giant cockroaches
  5 goblins
  10 hobgoblins
  6 jackals
  10 kobolds
  8 quokkas
  11 ball pythons
  6 frilled lizards
  A goblin zombie (D:7)
  A kobold skeleton (Crypt:2)
  An orc zombie (Crypt:2)
  4 rats
  A rat zombie (D:7)
  A spectral hobgoblin (D:1)
  A lurking horror (Abyss:3)
  3 starspawn tentacles
  9 tentacles
2675 creatures vanquished.

Vanquished Creatures (collateral kills)
  the Royal Jelly (Slime:5)
  A golden dragon (Vaults:2)
  Nikola (Depths:3)
  A titan (Vaults:2)
  2 acid blobs (Slime:5)
  2 tengu reavers (Vaults:5)
  A nagaraja (Snake:4)
  An azure jelly (Slime:4)
  2 rockslimes (Slime:5)
  A fire giant (Depths:3)
  2 quicksilver oozes (Slime:5)
  An ironbound thunderhulk (Vaults:2)
  A deep elf high priest (Vaults:2)
  A vault guard (Vaults:2)
  2 naga warriors (Snake:4)
  A naga sharpshooter (Snake:4)
  An ironbound beastmaster (Vaults:2)
  An ironbound convoker (Vaults:2)
  2 black mambas (Snake:4)
  A swamp worm (shapeshifter) (Vaults:2)
  A naga (Snake:4)
27 creatures vanquished.

Vanquished Creatures (others)
  A tengu reaver (Vaults:5)
  A nagaraja (Snake:4)
  A draconian knight (Zot:1)
  A vault warden (Vaults:5)
  A black draconian (Zot:3)
  A merfolk impaler (Shoals:4)
  A merfolk avatar (Shoals:4)
  A two-headed ogre (Zot:1)
  A sun demon (Abyss:3)
  A salamander mystic (Snake:2)
  A wizard (D:15)
  2 deep elf zephyrmancers (Elf:2)
  A faun (Shoals:3)
  A black mamba (Snake:3)
  A naga mage (Snake:4)
  A water elemental (Elf:3)
  A fire bat (Abyss:3)
  A human (Lair:4)
  An ogre (Crypt:1)
  2 orc wizards (Orc:2)
  2 orcs
  4 demonic plants (Gauntlet)
  57 fungi
  185 plants
  7 starspawn tentacles
  7 tentacles
  46 withered plants (Crypt:3)
330 creatures vanquished.

Grand Total: 3032 creatures vanquished

Notes
Turn   | Place    | Note
-------+----------+-------------------------------------------
     0 | D:1      | KamiKatze the Gargoyle Berserker began the quest for the
                  | Orb.
     0 | D:1      | Reached XP level 1. HP: 14/14 MP: 1/1
   277 | D:1      | Reached XP level 2. HP: 7/19 MP: 2/2
   490 | D:1      | Reached skill level 3 in Axes
   553 | D:1      | Found a faded altar of an unknown god.
   886 | D:1      | Reached XP level 3. HP: 20/23 MP: 3/3
  1235 | D:2      | Reached ** piety under Trog
  1790 | D:2      | Reached XP level 4. HP: 26/29 MP: 4/4
  1854 | D:2      | You fall into a shaft and drop 1 floor!
  2241 | D:3      | You fall into a shaft and drop 1 floor!
  2929 | D:3      | Reached XP level 5. HP: 20/33 MP: 5/5
  3279 | D:3      | Reached *** piety under Trog
  3280 | D:3      | Reached skill level 4 in Axes
  3280 | D:3      | Reached XP level 6. HP: 25/38 MP: 6/6
  4555 | D:5      | Entered Level 5 of the Dungeon
  4921 | D:5      | Reached XP level 7. HP: 42/44 MP: 7/7
  4978 | D:5      | Reached skill level 5 in Axes
  5438 | D:5      | Reached skill level 5 in Fighting
  5678 | D:5      | Noticed Grinder
  5680 | D:5      | Paralysed by Grinder for 7 turns
  5712 | D:5      | Killed Grinder
  5713 | D:5      | Reached skill level 6 in Axes
  5713 | D:5      | Reached skill level 5 in Armour
  5713 | D:5      | Reached XP level 8. HP: 51/51 MP: 8/8
  5965 | D:5      | Noticed a rust devil
  5965 | D:5      | Noticed a rust devil
  6131 | D:6      | Found a basalt altar of Yredelemnul.
  6213 | D:6      | Reached skill level 7 in Axes
  6494 | D:6      | Found a staircase to the Ecumenical Temple.
  6503 | Temple   | Entered the Ecumenical Temple
  7118 | D:7      | Reached XP level 9. HP: 56/56 MP: 9/9
  7411 | D:7      | Reached skill level 8 in Axes
  7599 | D:7      | Reached **** piety under Trog
  7901 | D:7      | Noticed a manticore
  7923 | D:7      | Killed a manticore
  7984 | D:7      | Reached skill level 9 in Axes
  8052 | D:7      | Reached XP level 10. HP: 59/64 MP: 10/10
  8490 | D:8      | Noticed Psyche
  8508 | D:8      | Killed Psyche
  8605 | D:8      | Noticed Harold
  8617 | D:8      | Killed Harold
  8922 | D:8      | Reached skill level 10 in Axes
  8957 | D:8      | Noticed a centaur warrior
  8963 | D:8      | Killed an unseen horror
  8964 | D:8      | Killed a centaur warrior
  9337 | D:9      | Found Neabrew's Weapon Shop.
  9337 | D:9      | Found a staircase to the Orcish Mines.
  9612 | D:9      | Reached XP level 11. HP: 60/71 MP: 11/11
  9824 | D:9      | Found Nulelirgh's Armour Shop.
  9946 | D:9      | Reached skill level 11 in Axes
 10224 | D:5      | Reached skill level 1 in Evocations
 10388 | D:10     | Entered Level 10 of the Dungeon
 10516 | D:10     | Noticed a two-headed ogre
 10520 | D:10     | Killed a two-headed ogre
 10675 | D:10     | Reached skill level 10 in Fighting
 10747 | D:10     | Found a staircase to the Lair.
 11719 | D:9      | Bought a +0 kite shield for 72 gold pieces
 11787 | D:10     | Reached skill level 1 in Shields
 11933 | D:11     | Noticed a two-headed ogre
 11957 | D:11     | Killed a two-headed ogre
 12181 | D:11     | Got the Grimoire of Evil Rites
 12184 | D:11     | Noticed Erica
 12200 | D:11     | Killed Erica
 12201 | D:11     | Reached skill level 5 in Shields
 12201 | D:11     | Reached XP level 12. HP: 77/77 MP: 12/12
 12241 | D:11     | Noticed a boulder beetle
 12346 | Lair:1   | Entered Level 1 of the Lair of Beasts
 12621 | Lair:1   | Noticed a seven-headed hydra
 12629 | Lair:1   | Killed a one-headed hydra
 12932 | Lair:1   | Noticed an eight-headed hydra
 12984 | Lair:1   | Killed a six-headed hydra
 13042 | Lair:1   | Reached ***** piety under Trog
 13043 | Lair:1   | Reached skill level 10 in Shields
 13492 | Lair:1   | Found a runed translucent gate.
 13492 | Lair:1   | Found a runed translucent gate.
 13492 | Lair:1   | Found a runed translucent gate.
 13495 | Lair:1   | Noticed Nilyhal's ghost (journeyman DrCj)
 13715 | Lair:2   | Noticed Maggie
 13762 | Lair:2   | Killed Maggie
 13862 | Lair:2   | Noticed a catoblepas
 13899 | Lair:2   | Killed a catoblepas
 13901 | Lair:2   | Noticed Sonja
 13945 | Lair:2   | Killed Sonja
 14050 | Lair:2   | Reached XP level 13. HP: 65/82 MP: 13/13
 14975 | Lair:2   | Identified the +9 flail "Vypuwk" {flame, Will++ Dex+5
                  | Stlth-}
 15311 | Lair:3   | Found a gate leading to a gauntlet.
 15324 | Gauntlet | Entered a Gauntlet
 15324 | Gauntlet | Found a transporter.
 15333 | Gauntlet | Found a transporter.
 15334 | Gauntlet | Found a transporter.
 15353 | Gauntlet | Found a transporter.
 15355 | Gauntlet | Found a transporter.
 15373 | Gauntlet | Found a runed translucent door.
 15373 | Gauntlet | Found a runed translucent door.
 15380 | Gauntlet | Found a transporter.
 15396 | Gauntlet | Found a transporter.
 15406 | Gauntlet | Found a transporter.
 15423 | Gauntlet | Found a transporter.
 15447 | Gauntlet | Found a transporter.
 15470 | Gauntlet | Found a transporter.
 15470 | Gauntlet | Found a transporter.
 15500 | Gauntlet | Found a transporter.
 15501 | Gauntlet | Noticed a great orb of eyes
 15505 | Gauntlet | Found a transporter.
 15744 | Gauntlet | Received a gift from Trog
 15779 | Gauntlet | Identified the ring "Roihiudu" {rF+ rC+++ Will+ Dex-2
                  | Stlth+}
 15781 | Gauntlet | Identified the ring of Sitima {rC+ Will+ SInv}
 15815 | Gauntlet | Identified the ring of Doubts {rElec rF- rC+ Int+6}
 15815 | Gauntlet | Noticed a minotaur
 15830 | Gauntlet | Killed a minotaur
 15996 | Gauntlet | Got the Tome of Shape Shifting
 16003 | Gauntlet | Identified the +0 flail of Conservatism {vamp, rElec Int+5}
 16214 | Lair:3   | Reached skill level 10 in Armour
 16515 | Lair:3   | Found a staircase to the Snake Pit.
 16977 | Lair:3   | Identified the ring of Moderation {Ice Fly rCorr Int+9
                  | Dex-2}
 17218 | Lair:3   | Gained mutation: Your large and strong wings let you fly.
                  | [Gargoyle growth]
 17218 | Lair:3   | Reached XP level 14. HP: 88/88 MP: 14/14
 17328 | Lair:3   | Reached skill level 12 in Axes
 17565 | Lair:4   | Noticed Kirke
 17582 | Lair:3   | Killed Kirke
 17583 | Lair:3   | Reached skill level 15 in Shields
 17750 | Lair:4   | Noticed Rupert
 17767 | Lair:4   | Killed Rupert
 17768 | Lair:4   | Reached skill level 5 in Dodging
 17918 | Lair:4   | Found a staircase to the Shoals.
 18839 | Lair:5   | Found a staircase to the Slime Pits.
 19866 | Lair:6   | Entered Level 6 of the Lair of Beasts
 19894 | Lair:6   | Received a gift from Trog
 19909 | Lair:6   | Reached skill level 13 in Axes
 20253 | Lair:6   | Reached XP level 15. HP: 53/96 MP: 15/15
 20979 | Lair:6   | Identified the +6 rapier of Unreason {freeze, rC+}
 21532 | Orc:1    | Entered Level 1 of the Orcish Mines
 21818 | Orc:1    | Received a gift from Trog
 22329 | Orc:2    | Entered Level 2 of the Orcish Mines
 22330 | Orc:2    | Noticed Jorgrun
 22348 | Orc:2    | Killed Jorgrun
 22349 | Orc:2    | Reached skill level 14 in Axes
 22502 | Orc:2    | Found Nutawn's Distillery.
 22723 | Orc:2    | Found a staircase to the Elven Halls.
 22763 | Orc:2    | Noticed Urug
 22797 | Orc:2    | Killed Urug
 22965 | Orc:2    | Received a gift from Trog
 23533 | Orc:2    | Found Avoec's Antique Weapon Shop.
 23576 | Orc:2    | Found a radiant altar of Vehumet.
 23577 | Orc:2    | Noticed Erolcha
 23611 | Orc:2    | Killed Erolcha
 23625 | Orc:2    | Found Ijulilal's Magic Scroll Shop.
 23629 | Orc:2    | Noticed Nergalle
 23674 | Orc:2    | Killed Nergalle
 23714 | Orc:2    | Found an ancient bone altar of Kikubaaqudgha.
 23769 | Orc:2    | Found Poehu's Antique Weapon Boutique.
 23770 | Orc:2    | Found Nuthar's Jewellery Shop.
 24258 | D:11     | Identified the +0 buckler of the Mind {Rampage rPois Int+3
                  | SInv}
 24672 | D:12     | Found Duedi's Armour Shop.
 25058 | D:12     | Found the +9 sword of Zonguldrok {reap}
 25099 | D:12     | Received a gift from Trog
 25218 | D:12     | Reached XP level 16. HP: 92/103 MP: 16/16
 25301 | D:12     | Identified the +8 falchion of the Vulture {freeze, Fragile
                  | Will- Int+10 Dex+2}
 25846 | D:13     | You are sucked into a shaft and drop 1 floor!
 26604 | D:14     | Reached skill level 15 in Axes
 27041 | D:13     | Found the +12 glaive of Prune {vorpal}
 27822 | D:13     | Found a gate to the Vaults.
 27987 | D:13     | Noticed Azrael
 28102 | D:13     | Killed Azrael
 28237 | D:13     | Found a white marble altar of Elyvilon.
 28632 | D:15     | Entered Level 15 of the Dungeon
 28664 | D:15     | Found a frozen archway.
 28706 | IceCv    | Entered an ice cave
 29386 | IceCv    | Found an ancient bone altar of Kikubaaqudgha.
 29404 | IceCv    | Reached ****** piety under Trog
 29810 | IceCv    | Received a gift from Trog
 29968 | IceCv    | Noticed a lich
 29996 | IceCv    | Killed a lich
 30249 | IceCv    | Got Qoutuf's Guide on Sinister Snow
 30379 | D:15     | Reached XP level 17. HP: 110/110 MP: 17/17
 30644 | D:15     | Found a staircase to the Depths.
 31402 | Snake:1  | Entered Level 1 of the Snake Pit
 31407 | Snake:1  | Noticed Aizul
 31446 | Lair:3   | Killed Aizul
 31522 | Snake:1  | Found Adont's Book Boutique.
 31556 | Snake:1  | Found Nimerr's Book Shop.
 31556 | Snake:1  | Found Nonlalas's Weapon Boutique.
 31574 | Snake:1  | Found Gidufoi's Antique Armour Shop.
 31639 | Snake:1  | Reached skill level 16 in Axes
 31797 | Snake:1  | Found a runed translucent door.
 32165 | Snake:1  | Found a shimmering altar of Xom.
 32165 | Snake:1  | Noticed hitsuchi's ghost (adept PaAK)
 32286 | Snake:1  | Received a gift from Trog
 32673 | Snake:2  | Found Ekum's Assorted Antiques.
 32691 | Snake:2  | Found a flickering gateway to a bazaar.
 32696 | Bazaar   | Entered a bazaar
 32698 | Bazaar   | Found Rithrulo's Book Boutique.
 32702 | Bazaar   | Found Lufef's General Store.
 32702 | Bazaar   | Found Vasyig's Distillery.
 32703 | Bazaar   | Found Dossuiss's Antique Weapon Boutique.
 32718 | Bazaar   | Bought a potion of mutation for 96 gold pieces
 33763 | Snake:3  | Noticed Bai Suzhen
 33816 | Snake:2  | Killed Bai Suzhen
 34189 | Snake:3  | Identified the +6 rapier of Linearity {vorpal, Dex+4} (Trog
                  | gifted it to you on level 3 of the Snake Pit)
 34189 | Snake:3  | Received a gift from Trog
 34223 | Snake:3  | Reached XP level 18. HP: 115/117 MP: 18/18
 34245 | Snake:3  | Identified Roxanne's Handbook of the Rocks
 34245 | Snake:3  | Noticed Roxanne
 34278 | Snake:3  | Found a burning altar of Makhleb.
 34372 | Snake:3  | Killed Roxanne
 34656 | Snake:4  | Entered Level 4 of the Snake Pit
 35084 | Snake:4  | Reached skill level 10 in Dodging
 35090 | Snake:4  | Reached skill level 17 in Axes
 35607 | Snake:4  | Identified the +7 broad axe "Bemot" {antimagic, rPois rN+}
                  | (Trog gifted it to you on level 4 of the Snake Pit)
 35607 | Snake:4  | Received a gift from Trog
 35608 | Snake:4  | Reached skill level 15 in Fighting
 36215 | Snake:4  | Reached skill level 15 in Armour
 37166 | Snake:4  | Received a gift from Trog
 37245 | Snake:4  | Reached XP level 19. HP: 79/124 MP: 6/19
 37664 | Snake:4  | Got a serpentine rune of Zot
 38063 | Shoals:1 | Entered Level 1 of the Shoals
 38275 | Shoals:1 | Reached skill level 18 in Axes
 38422 | Shoals:1 | Found a runed translucent door.
 38527 | Shoals:1 | Found a corrupted altar of Lugonu.
 38529 | Shoals:1 | Found a one-way gate to the infinite horrors of the Abyss.
 38584 | Shoals:1 | Received a gift from Trog
 39071 | Shoals:1 | Noticed Louise
 39090 | Shoals:1 | Killed Louise
 39535 | Shoals:2 | Found Patiytin's Gadget Gallery.
 39935 | Shoals:2 | Found a runed translucent gate.
 39935 | Shoals:2 | Found a runed translucent gate.
 39935 | Shoals:2 | Found a runed translucent gate.
 39936 | Shoals:2 | Noticed ciphuk's ghost (journeyman TrMo)
 40433 | Shoals:3 | Received a gift from Trog
 40934 | Shoals:3 | Found an ornate altar of the Wu Jian Council.
 41007 | Shoals:3 | Identified a scroll of acquirement
 41211 | Shoals:3 | Acquired a manual of Shields
 41481 | Shoals:4 | Entered Level 4 of the Shoals
 42102 | Shoals:4 | Reached XP level 20. HP: 32/132 MP: 6/20
 42793 | Shoals:4 | Got a barnacled rune of Zot
 42894 | Shoals:4 | Identified the +1 scale mail "Ducloez" {Str+2 Dex+4}
 42943 | Shoals:4 | Found a transporter.
 43057 | Shoals:4 | Found a transporter.
 43058 | Shoals:4 | Noticed flestrin's ghost (adept SpEn)
 43762 | Shoals:4 | Received a gift from Trog
 44406 | Vaults:1 | Entered Level 1 of the Vaults
 44715 | Vaults:1 | Found Utobbin's Antique Armour Shoppe.
 44734 | Vaults:1 | Noticed Donald
 44751 | Vaults:1 | Killed Donald
 45385 | Vaults:1 | Identified the +8 mace of the Skies Above {antimagic, rElec
                  | rPois rC+ rN+} (Trog gifted it to you on level 1 of the
                  | Vaults)
 45385 | Vaults:1 | Received a gift from Trog
 46584 | Vaults:2 | Found Boof Lagh's General Store.
 46592 | Vaults:2 | Bought a scroll of brand weapon for 260 gold pieces
 46616 | Vaults:2 | Found Vuopa's Jewellery Shop.
 46623 | Vaults:2 | Found Huoraa's Jewellery Emporium.
 46735 | Vaults:2 | Reached XP level 21. HP: 126/139 MP: 7/21
 46793 | Vaults:2 | Received a gift from Trog
 47383 | Vaults:2 | Noticed a golden dragon
 47439 | Vaults:2 | Killed a golden dragon
 47866 | Vaults:2 | Identified the +8 plate armour "Astroanty" {rN++}
 48286 | Vaults:2 | Found a portal to a secret trove of treasure.
 48311 | Vaults:2 | Found Satonioc's Weapon Shop.
 48319 | Vaults:2 | Found Rumaexzu's Antique Weapon Shop.
 48328 | Vaults:2 | Bought a glowing broad axe for 322 gold pieces
 48455 | Vaults:2 | Received a gift from Trog
 49143 | Vaults:3 | Reached skill level 5 in Evocations
 49357 | Vaults:3 | Found a staircase to the Crypt.
 49887 | Vaults:3 | Found a runed translucent door.
 49887 | Vaults:3 | Found a shimmering altar of Xom.
 49887 | Vaults:3 | Noticed theMacoje's ghost (adept OgAM)
 50705 | Vaults:4 | Reached XP level 22. HP: 130/145 MP: 7/22
 51016 | Lair:2   | Received a gift from Trog
 51565 | Lair:1   | Killed Nilyhal's ghost
 52399 | Vaults:4 | Reached skill level 19 in Axes
 53097 | Shoals:2 | Killed ciphuk's ghost
 53274 | Shoals:4 | Received a gift from Trog
 53345 | Shoals:4 | Killed flestrin's ghost
 53443 | Shoals:4 | Identified the ring of Nadyitoo {rElec rC+ rCorr}
 53646 | Snake:1  | Killed hitsuchi's ghost
 53994 | Depths:1 | Entered Level 1 of the Depths
 54120 | Depths:1 | Found a gateway to Hell.
 54120 | Depths:1 | Found Niokkuir's Magic Scroll Shop.
 54206 | Depths:1 | Acquired a +1 pair of gloves of strength
 54229 | Depths:1 | Bought a scroll of teleportation for 48 gold pieces
 54231 | Depths:1 | Bought a scroll of acquirement for 832 gold pieces
 54231 | Depths:1 | Acquired a manual of Axes
 54362 | Depths:1 | Found Nedeg's Antique Weapon Shop.
 54388 | Depths:1 | Found a sparkling altar of Nemelex Xobeh.
 54476 | Depths:1 | Found Edesk's General Store.
 54544 | Depths:1 | Found Cynt's Distillery.
 54602 | Depths:1 | Found a transporter.
 54608 | Depths:1 | Noticed a juggernaut
 54609 | Depths:1 | Noticed Xachuts's ghost (adept DgCj)
 54760 | Depths:1 | Found Degiqul's Weapon Shoppe.
 54947 | Depths:1 | Found the ring of the Tortoise {AC+8}
 55070 | Depths:1 | Noticed Xud Owk's ghost (veteran FoFi)
 55102 | Depths:1 | Found a transporter.
 55151 | Depths:1 | Found Dearateq's General Store.
 56055 | Depths:2 | Identified the +9 dagger of Jadi {vorpal, Drain Int+3
                  | Dex+5}
 56403 | Depths:2 | Reached XP level 23. HP: 138/152 MP: 7/23
 56507 | Depths:2 | Received a gift from Trog
 56508 | Depths:2 | Reached skill level 20 in Axes
 57741 | Depths:2 | Noticed a golden dragon
 57759 | Depths:2 | Killed a golden dragon
 58014 | Depths:2 | Noticed a juggernaut
 58046 | Depths:2 | Killed a juggernaut
 58084 | Depths:2 | Noticed the Enchantress
 58253 | Depths:3 | Noticed a golden dragon
 58440 | Depths:2 | Received a gift from Trog
 58675 | Depths:3 | Paralysed by a floating eye for 4 turns
 59068 | Depths:3 | Reached skill level 21 in Axes
 59075 | Depths:3 | Paralysed by a floating eye for 4 turns
 59278 | Depths:3 | Killed a golden dragon
 59523 | Depths:3 | Noticed Asterion
 59537 | Depths:3 | Killed Asterion
 59538 | Depths:3 | Found a one-way gate leading to the halls of Pandemonium.
 59924 | Depths:3 | Noticed Nikola
 59933 | Depths:3 | HP: 6/153 [Nikola/arc of chain lightning (46)]
 59937 | Depths:3 | Killed Nikola
 60236 | Depths:3 | Found a runed translucent door.
 60236 | Depths:3 | Noticed Ommil's ghost (adept DgCj)
 60646 | Depths:4 | Reached skill level 15 in Dodging
 60884 | Depths:4 | Reached XP level 24. HP: 143/160 MP: 7/23
 61103 | Depths:4 | Received a gift from Trog
 61182 | Depths:4 | Identified the +4 hunting sling of a sewer {venom, rN+}
 61613 | Depths:4 | Found a gateway to a ziggurat.
 61670 | Depths:4 | Found Korgh's Antique Armour Emporium.
 62002 | Depths:4 | Reached skill level 22 in Axes
 62694 | Depths:5 | Entered Level 5 of the Depths
 63059 | Depths:5 | Found a broken altar of Ashenzari.
 63375 | Depths:5 | Received a gift from Trog
 64515 | Depths:5 | Found a gate to the Realm of Zot.
 64573 | Depths:5 | Reached XP level 25. HP: 53/166 MP: 7/23
 64941 | Depths:5 | Identified the +2 scale mail of Tamonin {-Tele Harm Dex+2}
 65291 | Elf:1    | Entered Level 1 of the Elven Halls
 66380 | Elf:2    | Received a gift from Trog
 66632 | Elf:2    | Found a runed translucent gate.
 66635 | Elf:2    | Found a runed translucent gate.
 66635 | Elf:2    | Found a runed translucent gate.
 66802 | Elf:3    | Entered Level 3 of the Elven Halls
 67072 | Elf:3    | Found Nedeg's Armour Boutique.
 67130 | Elf:3    | Received a gift from Trog
 68298 | Elf:3    | Received a gift from Trog
 68406 | Elf:3    | Identified the ring of Qiynki {rElec rF+ Str+6 Int-4 Dex+4}
 68440 | Elf:3    | Identified the +6 falchion of Okawaru's Anger {flame,
                  | rPois}
 68711 | Elf:3    | Cast into level 3 of the Abyss (a deep elf sorcerer)
 68814 | Abyss:3  | Reached skill level 23 in Axes
 68827 | Abyss:3  | Gained mutation: Armour fits poorly on your strangely
                  | shaped body. [a neqoxec]
 68828 | Abyss:3  | Gained mutation: You are frail. (-10% HP) [a neqoxec]
 68924 | Abyss:3  | Received a gift from Trog
 69215 | Abyss:3  | Got an abyssal rune of Zot
 69238 | Abyss:3  | Reached XP level 26. HP: 120/156 MP: 7/23
 69248 | Elf:3    | Escaped the Abyss
 69264 | Elf:3    | Identified the +2 chain mail of Moatz {Rampage rPois rCorr
                  | Int+4}
 69275 | Elf:3    | Identified the +8 quarterstaff of Noon {venom, MP-9 Int+5}
 69431 | Elf:3    | Identified the +1 robe of Masochism {*Slow rF+ Regen+
                  | Str+2}
 69501 | Elf:3    | Got Coetzoha's Handbook of Heat
 69785 | Orc:2    | Bought a potion of mutation for 112 gold pieces
 69785 | Orc:2    | Bought a potion of mutation for 112 gold pieces
 70135 | Vaults:3 | Killed theMacoje's ghost
 70418 | Depths:1 | Bought a potion of mutation for 128 gold pieces
 70418 | Depths:1 | Bought a potion of heal wounds for 80 gold pieces
 70418 | Depths:1 | Bought a potion of heal wounds for 80 gold pieces
 70418 | Depths:1 | Bought a potion of haste for 160 gold pieces
 70418 | Depths:1 | Bought a potion of cancellation for 128 gold pieces
 70476 | Depths:1 | Bought a scroll of enchant weapon for 120 gold pieces
 70476 | Depths:1 | Bought a scroll of teleportation for 48 gold pieces
 70476 | Depths:1 | Bought a scroll of blinking for 120 gold pieces
 70476 | Depths:1 | Bought a scroll of magic mapping for 56 gold pieces
 70476 | Depths:1 | Bought a scroll of holy word for 120 gold pieces
 70524 | Depths:1 | Bought a potion of heal wounds for 50 gold pieces
 70560 | Depths:1 | Bought a scroll of fog for 40 gold pieces
 70762 | Vaults:2 | Bought a scroll of torment for 97 gold pieces
 70762 | Vaults:2 | Bought a scroll of magic mapping for 45 gold pieces
 71017 | Orc:2    | Bought a scroll of blinking for 90 gold pieces
 71017 | Orc:2    | Bought a scroll of teleportation for 36 gold pieces
 71017 | Orc:2    | Bought a scroll of teleportation for 36 gold pieces
 71250 | Snake:2  | Bought a scroll of teleportation for 96 gold pieces
 71711 | Vaults:5 | Entered Level 5 of the Vaults
 71719 | Vaults:5 | Received a gift from Trog
 71865 | Vaults:5 | Found the +5 demon whip "Spellbinder" {antimagic, Will+}
 72107 | Vaults:5 | Received a gift from Trog
 72772 | Vaults:5 | Noticed Sojobo
 72793 | Vaults:5 | Killed Sojobo
 72864 | Vaults:5 | Noticed an ancient lich
 72875 | Vaults:5 | Killed an ancient lich
 72876 | Vaults:5 | Reached skill level 24 in Axes
 73241 | Vaults:5 | Reached XP level 27. HP: 151/163 MP: 7/23
 73264 | Vaults:5 | Received a gift from Trog
 73324 | Vaults:5 | Identified the +8 quarterstaff of Uskayaw's Condemnation
                  | {vorpal, rElec Int+2}
 73324 | Vaults:5 | Identified the +1 robe of Salvation {rF- rN+ Str+4}
 73330 | Vaults:5 | Identified the +0 leather armour of Hopscotch {+Inv SInv
                  | Stlth+}
 73504 | Vaults:5 | Identified the +0 pair of boots of Somewhere Else {rC++}
 73798 | Vaults:5 | Got a silver rune of Zot
 74898 | Zot:1    | Entered Level 1 of the Realm of Zot
 75628 | Zot:1    | Received a gift from Trog
 76020 | Zot:1    | Reached skill level 25 in Axes
 76190 | Zot:1    | Noticed Dyomnauma's ghost (legendary GnFE)
 76284 | Zot:1    | Found a runed translucent gate.
 76284 | Zot:1    | Found a runed translucent gate.
 76285 | Zot:1    | Found a runed translucent gate.
 78314 | Zot:3    | Received a gift from Trog
 78825 | Zot:4    | Identified the +11 dagger of Makhleb {venom, +Rage Int+4
                  | SInv}
 79381 | Zot:5    | Entered Level 5 of the Realm of Zot
 79909 | Zot:5    | Reached skill level 26 in Axes
 80485 | Slime:1  | Entered Level 1 of the Pits of Slime
 80498 | Slime:1  | Received a gift from Trog
 80681 | Slime:2  | Gained mutation: You tend to lose your temper in combat. [a
                  | shining eye]
 80814 | Slime:3  | Lost mutation: You are frail. (-10% HP) [potion of
                  | mutation]
 80814 | Slime:3  | Lost mutation: You tend to lose your temper in combat.
                  | [potion of mutation]
 80814 | Slime:3  | Lost mutation: Armour fits poorly on your strangely shaped
                  | body. [potion of mutation]
 80814 | Slime:3  | Gained mutation: You are weak. (Str -2) [potion of
                  | mutation]
 80814 | Slime:3  | Gained mutation: You are dopey. (Int -2) [potion of
                  | mutation]
 80928 | Slime:5  | Entered Level 5 of the Pits of Slime
 81393 | Slime:5  | Gained mutation: You are very weak. (Str -4) [a shining
                  | eye]
 81556 | Slime:4  | Gained mutation: Your magical capacity is low. (-10% MP) [a
                  | shining eye]
 81614 | Slime:5  | Noticed the Royal Jelly
 81826 | Slime:4  | Gained mutation: You tend to lose your temper in combat. [a
                  | shining eye]
 81827 | Slime:4  | Gained mutation: You are occasionally teleported next to
                  | monsters. [a shining eye]
 81829 | Slime:4  | Gained mutation: Your body sometimes deteriorates upon
                  | taking damage. [a shining eye]
 81831 | Slime:4  | Received a gift from Trog
 81836 | Slime:4  | Lost mutation: Your magical capacity is low. (-10% MP)
                  | [potion of mutation]
 81836 | Slime:4  | Lost mutation: You are very weak. (Str -4) [potion of
                  | mutation]
 81836 | Slime:4  | Lost mutation: You are dopey. (Int -2) [potion of mutation]
 81836 | Slime:4  | Gained mutation: You expend magic power (3 MP) to
                  | strengthen your wands. [potion of mutation]
 81836 | Slime:4  | Gained mutation: You have sharp fingernails. [potion of
                  | mutation]
 81836 | Slime:4  | Gained mutation: You have a pair of small antennae on your
                  | head. [potion of mutation]
 81837 | Slime:4  | Lost mutation: You tend to lose your temper in combat.
                  | [potion of mutation]
 81837 | Slime:4  | Lost mutation: You are weak. (Str -2) [potion of mutation]
 81837 | Slime:4  | Gained mutation: You are clumsy. (Dex -2) [potion of
                  | mutation]
 81837 | Slime:4  | Gained mutation: You are partially covered in large bone
                  | plates. (SH +4) [potion of mutation]
 81837 | Slime:4  | Gained mutation: Your mind is acute. (Int +2) [potion of
                  | mutation]
 81838 | Slime:4  | Lost mutation: You are occasionally teleported next to
                  | monsters. [potion of mutation]
 81838 | Slime:4  | Lost mutation: You are clumsy. (Dex -2) [potion of
                  | mutation]
 81873 | Slime:5  | Found a viscous altar of Jiyva.
 82031 | Slime:5  | Killed the Royal Jelly
 82257 | Slime:5  | Got a slimy rune of Zot
 82297 | Slime:5  | Identified the ring "Hapty" {rPois rN+ MP-9 Dex+4}
 82337 | Slime:5  | Identified the +3 rapier "Sar Tamn" {pain, rElec Int+2}
 82351 | Slime:5  | Got Dokletom's Grimoire of Summoning and Evil Arts
 82860 | Temple   | Fell from the grace of Trog
 82860 | Temple   | Became a worshipper of the Shining One
 83255 | Crypt:1  | Entered Level 1 of the Crypt
 83274 | Crypt:1  | Found a basalt altar of Yredelemnul.
 83327 | Crypt:1  | Learned a level 5 spell: Manifold Assault
 83378 | Crypt:1  | Reached * piety under the Shining One
 83411 | Crypt:1  | Reached skill level 1 in Spellcasting
 83411 | Crypt:1  | Reached skill level 1 in Translocations
 83532 | Crypt:1  | Noticed Saint Roka
 83543 | Crypt:1  | Reached ** piety under the Shining One
 83588 | Crypt:1  | Noticed Xtahua
 83589 | Crypt:1  | Killed Saint Roka
 83607 | Crypt:1  | Killed Xtahua
 83728 | Crypt:1  | Noticed Khufu
 83745 | Crypt:1  | Noticed a royal mummy
 83745 | Crypt:1  | Noticed a royal mummy
 83745 | Crypt:1  | Noticed a royal mummy
 83763 | Crypt:1  | Killed Khufu
 83770 | Crypt:1  | Killed a royal mummy
 83775 | Crypt:1  | Killed a royal mummy
 83776 | Crypt:1  | Reached *** piety under the Shining One
 83777 | Crypt:1  | Killed a royal mummy
 84319 | Crypt:2  | Reached **** piety under the Shining One
 84388 | Crypt:2  | Noticed Mara
 84401 | Crypt:2  | Reached skill level 1 in Invocations
 84459 | Crypt:2  | Reached ***** piety under the Shining One
 84480 | Crypt:2  | Identified the +0 chain mail "Ipaischi" {rElec}
 84570 | Crypt:1  | Reached ****** piety under the Shining One
 84577 | Crypt:1  | Identified a +3 executioner's axe of holy wrath (a +1
                  | executioner's axe of chaos blessed by the Shining One)
 84577 | Crypt:1  | Received a gift from the Shining One
 84746 | Crypt:2  | Noticed KamiKatze's illusion
 84763 | Crypt:2  | Killed Mara
 84864 | Crypt:2  | Found the +3 giant club "Skullcrusher" {speed, Str+7}
 85543 | Crypt:3  | Entered Level 3 of the Crypt
 85545 | Crypt:3  | Noticed Frederick
 85558 | Crypt:3  | Killed Frederick
 85559 | Crypt:3  | Reached skill level 5 in Invocations
 85620 | Crypt:3  | Got Ezobacomp's Almanac of Dusty Dislocation
 85997 | Crypt:3  | Found a staircase to the Tomb.
 86065 | Crypt:3  | Identified the ring "Boddeq" {rCorr Dex+6}
 86394 | Crypt:3  | Noticed Mennas
 86442 | Crypt:3  | Killed Mennas
 86498 | Crypt:3  | Identified the +1 war axe of Ibagasec {flame, rElec Will+}
 86638 | Crypt:3  | Found an ancient bone altar of Kikubaaqudgha.
 86640 | Crypt:3  | Noticed a dread lich
 86647 | Crypt:3  | Killed a dread lich
 86653 | Crypt:3  | Noticed a dread lich
 86658 | Crypt:3  | Killed a dread lich
 86680 | Crypt:3  | Noticed an ancient lich
 86687 | Crypt:3  | Killed an ancient lich
 87464 | Hell     | Entered the Vestibule of Hell
 87464 | Hell     | Noticed Geryon
 87489 | Hell     | Reached skill level 10 in Invocations
 87510 | Hell     | Killed Geryon
 87520 | Hell     | Cast into level 2 of the Abyss (reaper)
 87705 | Hell     | Escaped the Abyss
 87912 | Hell     | Found a gateway to the ashen valley of Gehenna.
 87999 | Hell     | Found a gateway to the decaying netherworld of Tartarus.
 88084 | Hell     | Found a gateway to the freezing wastes of Cocytus.
 88179 | Hell     | Found a gateway to the Iron City of Dis.
 88500 | Vaults:2 | Bought the ring "Uchyal" {rF+ Will+} for 897 gold pieces
 88719 | Dis:1    | Entered Level 1 of the Iron City of Dis
 88739 | Dis:1    | Reached skill level 5 in Translocations
 88755 | Dis:1    | Reached skill level 5 in Spellcasting
 88783 | Dis:1    | HP: 4/192 [stone giant[the rage of Trog] (34)]
 88795 | Dis:1    | HP: 1/192 [reaper[the effects of Hell] (26)]
 88795 | Dis:1    | Slain by a reaper

Illustrated notes

Levels and vault maps discovered:
D:1:      dpeg_arrival_court, layout_basic,
          dreamdust_ecumenical_altar_drowned_temple,
          chequers_serial_rivers_room_a
D:2:      layout_basic
D:3:      minmay_evil_eye, layout_basic, st_stairs_7
D:4:      layout_basic
D:5:      cheibrodos_iron_armory, layout_basic, uniq_grinder
D:6:      layout_rooms, yredelemnul_altar_generic, minmay_temple_entry_poolview,
          minmay_lizard_king
D:7:      minmay_the_grid_four_pointed_star
          [minmay_the_grid_triangle_9x9_dagger,
          minmay_the_grid_triangle_9x9_empty,
          minmay_the_grid_triangle_9x9_flanged_cone,
          minmay_the_grid_triangle_9x9_descending_squares,
          minmay_the_grid_prize_diamond_cup], layout_loops_ring, enter_ossuary_4
D:8:      minmay_cornered_nines, layout_basic, uniq_harold, uniq_psyche
D:9:      layout_stronghold, orc_david_3
D:10:     layout_roguey, erik_lair_orcish_takeover, minivault_5
D:11:     layout_basic, serial_curves, eino_curves_04, eino_curves_04,
          uniq_erica
D:12:     layout_roguey, serial_shops, kennysheep_mini_moat,
          minmay_diamond_spiral
D:13:     layout_long_grid, hangedman_vaults_entry_quadrant_bands,
          elyvilon_altar_1, uniq_azrael
D:14:     kennysheep_spiral_hall, layout_basic
D:15:     hangedman_depths_entry_civil_slaughter, layout_stronghold,
          corexii_corridor_pit, portal_ice_cave_entry_ice_simulacra,
          serial_column_ruins, column_ruins_square_large,
          column_ruins_open_medium_water, column_ruins_grid_1,
          column_ruins_open_tiny, column_ruins_open_small_water,
          column_ruins_grid_1, column_ruins_grid_1
Temple:   roderic_octagonal_lattice_temple
Lair:1:   layout_roguey, gammafunk_ghost_necromancy, beast_lair_carwin_5,
          grunt_megastairs_4, lemuel_fruit_fields, infiniplex_staircase_pool_2,
          serial_bayou_shore_b
Lair:2:   wad_woods_minihive, layout_long_grid, uniq_sonja, uniq_maggie
Lair:3:   layout_cave_pods, minmay_snake_entry_six_corridors,
          gauntlet_entry_generic, minmay_holes, st_stairs_11,
          eino_small_chamber_without_monster
Lair:4:   layout_gridlike, minmay_shoals_entry_beasts, minivault_26, uniq_kirke,
          uniq_rupert
Lair:5:   layout_roguey, minmay_slime_entry_oklob_enclosed
Lair:6:   gammafunk_lair_ancient_temple, layout_gridlike, st_stairs_10,
          chequers_serial_rivers_micro_a, lemuel_fruit_tree,
          serial_bayou_shore_b, serial_bayou_shore_b
Shoals:1: cheibrodos_shoals_oceanic_diplomacy, layout_shoals,
          nicolae_shoals_abyss_on_the_beach, uniq_louise
Shoals:2: layout_shoals, ebering_ghost_rock_garden, nicolae_shop_gadgets
Shoals:3: layout_shoals, lemuel_oklob_altar
Shoals:4: shoals_end_simple, layout_shoals, ebering_ghost_davey_jones,
          nicolae_shoals_sun_and_surf
Snake:1:  layout_rooms, ebering_ghost_xom, serial_bayou_shore_a,
          minmay_shoptagon, uniq_aizul
Snake:2:  layout_concentric_octagons, serial_shops, bzr_entry_road, shop,
          eino_curves_01
Snake:3:  layout_onion, basic_altar, uniq_bai_suzhen, uniq_roxanne
Snake:4:  snake_hunt, layout_cave_town, grunt_ministairs_14,
          nicolae_snake_bzzzt, grunt_megastairs_2
Slime:1:  layout_caves
Slime:2:  layout_caves
Slime:3:  layout_caves, nicolae_slime_barrier
Slime:4:  layout_caves, cheibrodos_slime_lost_civilization_7
Slime:5
Orc:1:    layout_caves
Orc:2:    kennysheep_orc_mage_school, layout_caves, serial_shops, shop,
          uniq_urug, uniq_jorgrun
Elf:1:    layout_geoelf_diagonals, hangedman_elf_represent
Elf:2:    elven_hall_of_blades_hangedman_original [nicolae_blade_tridents],
          layout_geoelf_diagonals
Elf:3:    elf_hall_gauntlet_narrow, layout_geoelf_diagonals,
          serial_co_window_serial, co_window_cross_1,
          co_window_of_opportunity_a, co_window_paths_b, co_window_corner_a,
          co_window_corner_a, co_window_of_opportunity_c,
          co_window_of_opportunity_b, co_window_paths_c, co_window_corner_b,
          co_window_paths_c, co_window_broadway_b, glass_columns_a,
          glass_columns_b, special_room [special_room_mythical_zoo],
          serial_shops, shop
Vaults:1: nicolae_vaults_puzzle_piece, ontoclasm_vaults_tryst,
          vaults_standard_mumra_enter_the_diamond, vaults_mumra_chevron_long,
          hangedman_vaults_slice, v_misc_12, vaults_room_grunt_arrival_ludios,
          hangedman_vaults_stitches, nicolae_vaults_angled_halls,
          grunt_vaults_diagonal, ontoclasm_vaults_decontamination,
          vaults_dpeg_doors, ontoclasm_vaults_ligature,
          ontoclasm_vaults_loading_screen, ontoclasm_vaults_loading_screen,
          vaults_room_pool, layout_vaults_big_cross, serial_shops, shop,
          uniq_donald
Vaults:2: grunt_vaults_funnel, hangedman_vaults_pinch, v_misc_2,
          ontoclasm_vaults_twist, st_greater_box_3, vaults_dpeg_spiral,
          vaults_room_stairs_pillars, v_misc_10, ontoclasm_vaults_chip,
          ontoclasm_vaults_chip, layout_vaults_omnigrid, enter_trove_1,
          serial_shops, shop_fountains, shop, shop, shop, nicolae_shop_crystal
Vaults:3: ebering_vaults_ghost_xom, nicolae_vaults_theta,
          minmay_crypt_entry_simple_corners, vaults_room_hallway, v_misc_13,
          v_rooms_6, nicolae_vaults_little_squares_5,
          nicolae_vaults_angled_halls, vaults_mumra_minichess,
          nicolae_vaults_mini_display_case, vaults_dpeg_diagonal,
          vaults_room_stairs_pillars, layout_vaults_chaotic_city
Vaults:4: vaults_standard_mumra_x, v_misc_5, hangedman_vaults_nails,
          vaults_room_door_hall, hangedman_vaults_slice, v_rooms_1, v_misc_25,
          nicolae_vaults_theta, grunt_vaults_hallway_short,
          vaults_dpeg_encased_lava, v_misc_23, vaults_room_hallway,
          layout_vaults_omnibox, uniq_margery
Vaults:5: serial_shops, uniq_sojobo
Crypt:1:  layout_misc_corridors, basic_altar, roderic_lattice_octagonal_star,
          uniq_khufu, uniq_saint_roka, uniq_xtahua
Crypt:2:  layout_basic, st_stairs_7, minmay_guarded_unrand_skullcrusher,
          uniq_mara
Crypt:3:  quadcrypt_mu, uniq_frederick, uniq_mennas
Depths:1: layout_roguey, serial_shops, nicolae_shop_statue_plus, shop, shop,
          shop, kennysheep_mini, nemelex_xobeh_ov_fountains_minmay,
          nzn_ghost_randoct, hell_entry, minmay_guarded_unrand_tortoise,
          serial_bayou_shore_b, minmay_shop_star
Depths:2: gammafunk_depths_water_palace, layout_cave_shapes, hellmouth_1,
          kennysheep_path_1, minmay_staircase_statues
Depths:3: minmay_isolated_rectangles_in_corner, layout_honeycomb,
          infiniplex_enter_wizlab_water, rand_demon_pan_entry_7,
          ebering_ghost_inner_flame, hell_entry, minmay_fountain_box,
          evilmike_ambush [evilmike_ambush_outer_pillars,
          evilmike_ambush_inner_basic], uniq_nikola, uniq_asterion
Depths:4: evilmike_hourglass, layout_basic, enter_ziggurat_a,
          grunt_mini_vestibule, serial_shops, shop, corexii_hall_statues_s,
          abyss_entry, nicolae_two_hexagons, hangedman_aviary
Depths:5: grunt_zot_entry_bicorn, layout_honeycomb, ashenzari_altar_1,
          hell_entry, uniq_enchantress
Hell
Dis:1:    layout_gridville, special_room [special_room_morgue]
Zot:1:    lemuel_halls_of_wrath, layout_misc_corridors, gammafunk_ghost_split,
          st_stairs_2
Zot:2:    layout_twisted_circle, skrybe_zot_glass_2
Zot:3:    layout_basic
Zot:4:    layout_misc_corridors, st_small_dragon_hoard_4
Zot:5:    layout_misc_corridors, drop_trap, st_stairs_9

Skill      XL: |  1  2  3  4  5  6  7  8  9 10 11 12 13 14 15 16 17 18 19 20 21 22 23 24 25 26 27 |
---------------+----------------------------------------------------------------------------------+-----
Axes           | 3 4 6 7 9 10 11 13 14 15 16 17 18 19 21 22 23 24 26 | 26.5
Dodging        | 2 3 4 6 7 8 9 10 11 12 13 15 16 17 | 17.1
Armour         | 3 4 5 6 7 9 10 11 12 13 14 15 16 17 18 19 20 24 | 24.3
Fighting       | 4 5 6 8 9 10 11 12 13 14 15 16 17 18 19 20 21 24 | 24.4
Evocations     | 3 5 6 |  6.0
Shields        | 5 12 14 15 18 19 | 19.5
Spellcasting   | 5 |  5.0
Translocations | 5 |  5.1
Invocations    | 12 | 12.2

Action                   |  1- 3 |  4- 6 |  7- 9 | 10-12 | 13-15 | 16-18 | 19-21 | 22-24 | 25-27 || total
-------------------------+-------+-------+-------+-------+-------+-------+-------+-------+-------++-------
Melee: Hand axe          |   129 |   263 |   415 |    62 |       |       |       |       |       ||   869
       Broad axe         |       |       |       |   503 |  1171 |  1820 |  1905 |  2151 |  3103 || 10653
       Scimitar          |       |       |       |    10 |    37 |    12 |       |       |       ||    59
       Executioner's axe |       |       |       |       |       |       |       |       |   567 ||   567
Throw: Stone             |       |       |     3 |     1 |       |       |       |       |       ||     4
       Dart              |       |       |       |    20 |     1 |       |       |     1 |       ||    22
       Throwing net      |       |       |       |       |       |       |       |       |     1 ||     1
Invok: Berserk           |       |     2 |     3 |     5 |     7 |     2 |     1 |       |       ||    20
       Trog's Hand       |       |       |     4 |     5 |     9 |     7 |     8 |     9 |     7 ||    49
       Brothers in Arms  |       |       |       |       |       |     1 |     2 |     3 |     3 ||     9
       Divine Shield     |       |       |       |       |       |       |       |       |     2 ||     2
       Cleansing Flame   |       |       |       |       |       |       |       |       |     1 ||     1
       Summon Divine War |       |       |       |       |       |       |       |       |     1 ||     1
       Brand Weapon With |       |       |       |       |       |       |       |       |     1 ||     1
Evoke: Wand              |       |       |       |       |     5 |     6 |    26 |     5 |     8 ||    50
       Box of beasts     |       |       |       |       |       |       |     1 |       |       ||     1
       Phial of floods   |       |       |       |       |       |       |     1 |       |       ||     1
       Phantom mirror    |       |       |       |       |       |       |       |       |     1 ||     1
  Use: Scroll            |       |       |    10 |    11 |    11 |     6 |     5 |     4 |    26 ||    73
       Potion            |       |       |       |       |     3 |     4 |     3 |     5 |    18 ||    33
 Stab: Petrified         |       |       |       |       |     1 |       |     8 |       |       ||     9
       Petrifying        |       |       |       |       |     1 |       |     1 |       |       ||     2
       Distracted        |       |       |       |       |       |       |     1 |     3 |     1 ||     5
Armor: Animal skin       |    14 |       |       |       |       |       |       |       |       ||    14
       Leather armour    |    10 |       |       |       |       |       |       |       |       ||    10
       Ring mail         |    12 |   135 |    23 |       |       |       |       |       |       ||   170
       Scale mail        |       |       |    61 |       |       |       |       |       |       ||    61
       Gold dragon scale |       |       |   105 |   461 |   631 |   930 |   826 |   738 |  2104 ||  5795
       Skin              |       |       |       |    10 |       |       |       |       |       ||    10
Dodge: Dodged            |    79 |   201 |   227 |   342 |   444 |   507 |   520 |   515 |  1243 ||  4078
Block: Other             |       |       |     1 |   182 |    39 |       |       |       |    99 ||   321
       Reflection        |       |       |       |     6 |    22 |   149 |   100 |    24 |       ||   301
       Kite shield       |       |       |       |       |  1180 |  1653 |  1607 |  1684 |  2238 ||  8362
       Rpst.: Scimitar   |       |       |       |     1 |     5 |       |       |       |       ||     6
